 Dungeon Crawl Stone Soup version 0.17.1-1-g73c8601 (webtiles) character file.

205 JustSomeDude the Covert (level 5, 0/28 HPs)
             Began as a Spriggan Assassin on Dec 21, 2015.
             Was an Initiate of Elyvilon.
             Slain by Aviak's ghost (4 damage)
             ... on level 3 of the Dungeon.
             The game lasted 00:11:32 (2273 turns).

JustSomeDude the Covert (Spriggan Assassin)         Turns: 2273, Time: 00:11:33

Health: 0/28       AC:  3    Str:  8    XL:     5   Next: 52%
Magic:  11/11      EV: 28    Int: 12    God:    Elyvilon [......]
Gold:   174        SH:  0    Dex: 23    Spells: 0 memorised, 11 levels left

rFire  . . .     SeeInvis +     a - +2 dagger
rCold  . . .     Clarity  .     c - +0 robe
rNeg   . . .     SustAt   .     (shield restricted)
rPois  .         Gourm    .     (helmet restricted)
rElec  .         Spirit   .     d - +0 cloak
rCorr  .         Warding  .     (gloves unavailable)
rMut   .         Stasis   .     (boots unavailable)
MR     .....                    (no amulet)
Stlth  ++++++....               (no ring)
                                (no ring)

@: agile, very quick, not resistant to hostile enchantments, very stealthy
A: unfitting armour, see invisible, herbivore 3, speed 3, slow metabolism 2
a: Renounce Religion


You were on level 3 of the Dungeon.
You worshipped Elyvilon.
Elyvilon was noncommittal.
You were not hungry.

You visited 1 branch of the dungeon, and saw 3 of its levels.

You collected 174 gold pieces.

Inventory:

Hand Weapons
 a - a +2 dagger (weapon)
 b - a +0 blowgun
 v - a +0 hunting sling
Missiles
 e - 7 poisoned needles
 f - a curare-tipped needle
 s - 2 needles of frenzy
 u - 5 sling bullets of flame (quivered)
 w - 59 stones
Armour
 c - a +0 robe (worn)
 d - a +0 cloak (worn)
Jewellery
 k - a +4 ring of evasion {unknown}
Wands
 n - a wand of frost (10)
 t - a wand of magic darts (25)
Scrolls
 h - a scroll of enchant weapon {unknown}
 j - a scroll of teleportation {unknown}
 l - 2 scrolls of immolation {unknown}
 o - 2 scrolls of remove curse {unknown}
 y - a scroll of fog {unknown}
 z - 2 scrolls of identify {unknown}
Potions
 p - a potion of ambrosia {unknown}
 q - a potion of might {unknown}
 r - a potion of poison {unknown}
 x - a potion of curing {unknown}
 A - a potion of degeneration {unknown}
Comestibles
 g - 3 bread rations
 i - 5 fruits


   Skills:
 + Level 3.4 Fighting
 + Level 6.0 Short Blades
 + Level 1.0(3.2) Slings
 + Level 4.0(4.1) Throwing
 + Level 2.3 Armour
 + Level 5.7 Dodging
 + Level 9.0 Stealth
 + Level 3.7 Spellcasting
 + Level 4.2 Evocations


You had 11 spell levels left.
You didn't know any spells.

Dungeon Overview and Level Annotations

Branches:
Dungeon (3/15)

Altars:
Elyvilon

Annotations:
D:3 Aviak's ghost, amateur VSCj


Innate Abilities, Weirdness & Mutations

You are tiny and cannot use many weapons and most armour.
You have supernaturally acute eyesight.
You are a herbivore.
You cover ground extremely quickly.
You need consume almost no food.


Message History

Okay, then.
Read which item? (? for menu, Esc to quit)
Okay, then.
v - a +0 hunting sling (weapon)
Aviak's ghost hits you but does no damage.
Firing (i - inventory. (,) - cycle):
u - 6 sling bullets of flame (quivered)
Press: ? - help, Shift-Dir - straight line, f - Aviak's ghost
Aim: Aviak's ghost, wielding a weapon of speed (severely damaged)
You shoot a sling bullet of flame.
The sling bullet of flame barely misses Aviak's ghost.
Aviak's ghost whispers, "It is all a dream - a grotesque and foolish dream."
Aviak's ghost casts a spell at you. The magic dart hits you!
* * * LOW HITPOINT WARNING * * *
a - a +2 dagger (weapon)
Drink which item? (? for menu, Esc to quit)
It was a potion of agility.
You feel agile all of a sudden. Aviak's ghost hits you.
You die...

###.#####.# #.# #.#
#.# #.# #.#
#.############.# #.#
#..............#
#.#####..#############
#..............#
#######..#####.#
#..#...#.##
#########..#(..W@<#
...............#..#
################.....
#.##### #.. ###


You could see Aviak's ghost.

Vanquished Creatures
  An orc wizard (D:3)
  3 gnolls (D:2)
  5 adders
  2 oozes (D:2)
  2 giant geckos
  4 orcs (D:3)
  3 bats
  4 giant cockroaches
  3 hobgoblins
  A ball python (D:2)
  2 giant newts
  11 goblins
  8 kobolds
  2 quokkas
  4 rats
55 creatures vanquished.

Notes
Turn   | Place    | Note
--------------------------------------------------------------
     0 | D:1      | JustSomeDude the Spriggan Assassin began the quest for the Orb.
     0 | D:1      | Reached XP level 1. HP: 10/10 MP: 2/2
   100 | D:1      | Reached skill level 6 in Stealth
   274 | D:1      | Reached XP level 2. HP: 15/15 MP: 3/3
   777 | D:2      | Reached XP level 3. HP: 9/18 MP: 4/4
   785 | D:2      | Reached skill level 5 in Short Blades
   785 | D:2      | Reached skill level 5 in Dodging
   785 | D:2      | Reached skill level 8 in Stealth
   785 | D:2      | Reached XP level 4. HP: 10/24 MP: 4/10
  1369 | D:2      | Reached XP level 5. HP: 28/28 MP: 11/11
  1388 | D:2      | Reached skill level 9 in Stealth
  1528 | D:2      | You fall through a shaft!
  1747 | D:3      | Reached skill level 1 in Slings
  1887 | D:3      | Found a white marble altar of Elyvilon.
  1897 | D:3      | Became a worshipper of Elyvilon the Healer
  2255 | D:3      | Noticed Aviak's ghost (amateur VSCj)
  2273 | D:3      | Slain by Aviak's ghost

Action                   |  1- 3 |  4- 6 || total
-------------------------+-------+-------++-------
Melee: Dagger            |    58 |    92 ||   150
 Fire: Blowgun           |       |    13 ||    13
       Hunting sling     |       |    32 ||    32
  Use: Potion            |     2 |     2 ||     4
 Stab: Sleeping          |    11 |     7 ||    18
